 Dungeon Crawl Stone Soup version 0.21.1-1-g345015f (webtiles) character file.

89 inc the Cutter (level 4, -4/27 HPs)
             Began as an Octopode Enchanter on Apr 27, 2018.
             Slain by a gnoll
             ... wielding a +0 flail
              (11 damage)
             ... on level 2 of the Dungeon.
             The game lasted 00:02:28 (2260 turns).

inc the Cutter (Octopode Enchanter)                 Turns: 2260, Time: 00:02:29

Health: -4/27      AC:  1    Str:  7    XL:     4   Next: 55%
Magic:  1/7        EV: 13    Int: 18    God:
Gold:   39         SH:  0    Dex: 12    Spells: 1/7 levels left

rFire    . . .     SeeInvis .   k - +0 short sword (curse)
rCold    . . .     Gourm    .   (no shield)
rNeg     . . .     Faith    .   (helmet restricted)
rPois    .         Spirit   .   (no amulet)
rElec    .         Reflect  .   (no ring)
rCorr    .         Harm     .   (no ring)
MR       .....                  (no ring)
Stlth    +++.......             (no ring)
HPRegen  0.09/turn              (no ring)
MPRegen  0.10/turn              (no ring)
                                (no ring)
                                (no ring)

@: very slightly contaminated
A: almost no armour, stealthy swim, amphibious, 8 rings, constrict 8, camouflage
1, gelatinous body 1
a: no special abilities


You were on level 2 of the Dungeon.
You were near starving.

You visited 1 branch of the dungeon, and saw 2 of its levels.

You collected 39 gold pieces.

Inventory:

Hand Weapons
 a - a +1 dagger
 k - a cursed +0 short sword (weapon)
Wands
 h - a wand of polymorph (10)
Scrolls
 d - a scroll of immolation {unknown}
 e - a scroll of enchant armour {unknown}
 i - a scroll of fog {unknown}
 l - a scroll of teleportation {unknown}
Potions
 f - a potion of brilliance {unknown}
 g - a potion of might {unknown}
 j - 2 potions of curing {unknown}
Books
 b - a book of Maledictions

   Spells                             Type                      Level
   a - Corona                         Hexes                        1
   b - Ensorcelled Hibernation        Hexes/Ice                    2
   c - Confuse                        Hexes                        3
   d - Tukima's Dance                 Hexes                        3
   e - Dazzling Spray                 Conjuration/Hexes            3
Comestibles
 c - 4 rations


   Skills:
 + Level 4.2 Short Blades
 - Level 2.0 Dodging
 - Level 4.0 Stealth
 - Level 2.0 Spellcasting
 - Level 3.0 Hexes


You had one spell level left.
You knew the following spells:

 Your Spells              Type           Power        Failure   Level  Hunger
a - Corona                Hex            ##.....      5%          1    #......
b - Ensorcelled Hibernat  Hex/Ice        #.....       14%         2    ###....
c - Confuse               Hex            ##......     16%         3    ###....


Dungeon Overview and Level Annotations

Branches:
Dungeon (2/15)

Altars:


Innate Abilities, Weirdness & Mutations

You cannot wear most types of armour.
You are very stealthy in the water. (Stealth+)
You are amphibious.
You can wear up to eight rings at the same time.
You can use your tentacles to constrict eight enemies at once.
Your skin changes colour to match your surroundings (Stealth+).
Your rubbery body absorbs attacks. (AC +1, EV +1)


Message History

Casting: Ensorcelled Hibernation
Confirm with . or Enter, or press ? or * to list all spells.
Aiming: Ensorcelled Hibernation
Press: ? - help, Shift-Dir - straight line, f/p - gnoll
Aim: a gnoll, wielding a flail and wearing a scale mail (severely wounded, chance to defeat MR: 48%)
You miscast Ensorcelled Hibernation.
You are very lightly contaminated with residual magic.
You feel a bit tired. The gnoll closely misses you.
Casting: Ensorcelled Hibernation
Confirm with . or Enter, or press ? or * to list all spells.
You don't have enough magic to cast that spell.
You closely miss the gnoll. You grab the gnoll.
You squeeze the gnoll, but do no damage.
The gnoll is severely wounded.
You constrict the gnoll, but do no damage.
You completely miss the gnoll.
The gnoll is severely wounded.
You constrict the gnoll, but do no damage.
The gnoll hits you with a flail!
You die...

### ###.############.####.....##.
#......# #..........### #.#.##.#
### #.###......# # . #.#....# #.#
#.###......# # .. #.#..###.#..
####..#'#### # ...
#......#.#.########..#.# #
....######.#...............#
......<..>.###.########.#########
.##..........#gg@.....#...#......
...........#.#.##.###.###.#.#####
................#.# #.# #.#.#####
#########.##.#..#.# #.# #.#.#....
.....gg......#..#.###>###.#.#....
.............#............#.#....
.......#######.##.#.#.#####......
....#'## #......#.#..(......###
... #. #.#.####.#...###...#


You could see 2 gnolls.

Vanquished Creatures
  Terence (D:2)
  An adder (D:2)
  A gnoll (D:2)
  3 dart slugs
  3 leopard geckos
  2 giant cockroaches (D:1)
  2 hobgoblins (D:1)
  2 jackals (D:1)
  2 ball pythons (D:2)
  3 bats
  6 goblins
  8 kobolds
  2 rats
36 creatures vanquished.

Notes
Turn   | Place    | Note
-------+----------+-------------------------------------------
     0 | D:1      | inc the Octopode Enchanter began the quest for the Orb.
     0 | D:1      | Reached XP level 1. HP: 11/11 MP: 3/3
   192 | D:1      | Reached XP level 2. HP: 13/17 MP: 5/5
   777 | D:1      | Reached XP level 3. HP: 19/21 MP: 6/6
   781 | D:1      | Learned a level 2 spell: Ensorcelled Hibernation
   785 | D:1      | Learned a level 3 spell: Confuse
  1159 | D:2      | Noticed Terence
  1163 | D:2      | Killed Terence
  1192 | D:2      | Reached XP level 4. HP: 27/27 MP: 7/7
  2260 | D:2      | Slain by a gnoll

Skill      XL: |  1  2  3  4 |
---------------+-------------+-----
Short Blades   | 2 3 4 |  4.2
Dodging        | |  2.0
Stealth        | |  4.0
Spellcasting   | |  2.0
Hexes          | |  3.0

Action                   |  1- 3 |  4- 6 || total
-------------------------+-------+-------++-------
Melee: Dagger            |    52 |    31 ||    83
       Constrict         |    13 |     6 ||    19
       Tentacles         |     6 |     2 ||     8
       Short sword       |       |     3 ||     3
 Cast: Ensorcelled Hiber |       |     8 ||     8
 Stab: Sleeping          |     8 |     7 ||    15
  Eat: Chunk             |     1 |     2 ||     3
Armor: Skin              |     2 |     1 ||     3
Dodge: Dodged            |    42 |    25 ||    67
